 Dungeon Crawl Stone Soup version 0.23.2-33-g5129a83184 (webtiles) character file.

Game seed: 5754130665964763630

211 Folque the Charmwright (level 5, -3/41 HPs)
             Began as a Centaur Skald on July 9, 2019.
             Killed by nerve-wracking pain
             ... invoked by Grinder
              (10 damage)
             ... while paralysed by Grinder
             ... on level 3 of the Dungeon.
             The game lasted 00:06:44 (1985 turns).

Folque the Charmwright (Centaur Skald)              Turns: 1985, Time: 00:06:45

Health: -3/41      AC:  5    Str: 13    XL:     5   Next: 57%
Magic:  4/9        EV:  1    Int: 13    God:
Gold:   116        SH:  0    Dex:  9    Spells: 1/10 levels left

rFire    . . .     SeeInvis .   a - +0 hand axe
rCold    . . .     Gourm    .   (no shield)
rNeg     . . .     Faith    .   b - +0 leather armour
rPois    .         Spirit   .   (no helmet)
rElec    .         Reflect  .   (no cloak)
rCorr    .         Harm     .   i - +0 pair of gloves
MR       .....                  (no barding)
Stlth    ..........             (no amulet)
HPRegen  0.13/turn              (no ring)
MPRegen  0.11/turn              (no ring)

@: paralysed, infused, very quick
A: large, hooves 3, deformed body, speed 2, tough skin 3
a: no special abilities


You were on level 3 of the Dungeon.
You were hungry.

You visited 1 branch of the dungeon, and saw 3 of its levels.

You collected 116 gold pieces.

Inventory:

Hand Weapons
 a - a +0 hand axe (weapon)
Missiles
 h - 3 javelins (quivered)
 l - 12 poisoned needles
Armour
 b - a +0 leather armour (worn)
 i - a +0 pair of gloves (worn)
 p - a +2 robe of cold resistance
Scrolls
 f - 2 scrolls of identify {unknown}
 j - 2 scrolls of enchant weapon {unknown}
 m - a scroll of remove curse {unknown}
Potions
 e - a potion of curing {unknown}
 g - a potion of lignification {unknown}
 k - a potion of heal wounds {unknown}
 n - a potion of degeneration {unknown}
 o - a potion of ambrosia {unknown}
Comestibles
 c - 6 chunks of flesh
 d - 4 rations


   Skills:
 - Level 2.0 Fighting
 - Level 3.0 Axes
 - Level 0.6 Armour
 - Level 1.3 Dodging
 * Level 3.0 Spellcasting
 - Level 1.1 Hexes
 + Level 3.7 Charms


You had one spell level left.
You knew the following spells:

 Your Spells              Type           Power        Failure   Level  Hunger
a - Infusion              Chrm           ##..         6%          1    #......
b - Shroud of Golubria    Chrm/Tloc      #.........   21%         2    ##.....
c - Spectral Weapon       Hex/Chrm       #.......     32%         3    ###....
d - Regeneration          Chrm/Necr      #.........   38%         3    ###....

Your spell library contained the following spells:

 Spells                   Type           Power        Failure   Level  Hunger
 Song of Slaying          Chrm           ##......     10%         2    ##.....


Dungeon Overview and Level Annotations

Branches:
Dungeon (3/15)

Altars:
Kikubaaqudgha
Okawaru
Qazlal
Trog

Annotations:
D:3 Grinder


Innate Abilities, Weirdness & Mutations

You have hooves in place of feet.
Armour fits poorly on your strangely shaped body.
You cover ground very quickly.
You have extremely tough skin. (AC +3)


Message History

Confirm with . or Enter, or press ? or * to list all spells.
You begin infusing your attacks with magical energy.
Grinder says, "Tell me all your secrets, or I'll kill you."
Grinder hits you!
You writhe in agony.
You hit Grinder. Your kick misses Grinder.
Grinder is moderately wounded.
Your spectral weapon hits Grinder but does no damage.
Grinder hits you but does no damage. Grinder gestures at you.
You suddenly lose the ability to move!
Grinder hits you!
You writhe in agony.
* * * LOW HITPOINT WARNING * * *
Grinder completely misses you. Grinder hits you.
* * * LOW HITPOINT WARNING * * *
You writhe in agony.
* * * LOW HITPOINT WARNING * * *
Grinder gestures at you. Pain shoots through your body!
You die...

#.# #.# #.# #.#
###.#####
#.......####
#...........
#........##+#
#.(@.........
###5####.....
#.####.....
####......##+# ####
#.......####.# #...
#.......+....## #...
#.......##....####†..
#.......##....+..+...
#.......##....####...


You could see Grinder and a friendly spectral +0 hand axe.

Vanquished Creatures
  Jessica (D:3)
  Terence (D:2)
  Natasha (thrice) (D:2)
  4 adders
  An ooze (D:1)
  A leopard gecko (D:1)
  A ball python (D:1)
  4 bats
  2 giant cockroaches (D:2)
  4 goblins
  3 hobgoblins (D:2)
  11 jackals
  2 quokkas (D:2)
  A frilled lizard (D:1)
  4 kobolds
  7 rats
50 creatures vanquished.

Notes
Turn   | Place    | Note
-------+----------+-------------------------------------------
     0 | D:1      | Folque the Centaur Skald began the quest for the Orb.
     0 | D:1      | Reached XP level 1. HP: 17/17 MP: 3/3
   120 | D:1      | Reached XP level 2. HP: 10/24 MP: 4/4
   903 | D:1      | Reached XP level 3. HP: 20/29 MP: 4/6
   910 | D:1      | Learned a level 2 spell: Shroud of Golubria
   914 | D:1      | Learned a level 3 spell: Spectral Weapon
  1146 | D:2      | Noticed Terence
  1157 | D:2      | Killed Terence
  1165 | D:2      | Reached XP level 4. HP: 17/36 MP: 3/7
  1229 | D:2      | Found an iron altar of Okawaru.
  1274 | D:2      | Found a bloodstained altar of Trog.
  1276 | D:2      | Found an ancient bone altar of Kikubaaqudgha.
  1280 | D:2      | Found a stormy altar of Qazlal.
  1510 | D:2      | Noticed Natasha
  1526 | D:2      | Killed Natasha
  1622 | D:2      | Noticed Natasha
  1633 | D:2      | Killed Natasha
  1633 | D:2      | Reached skill level 1 in Hexes
  1633 | D:2      | Reached XP level 5. HP: 20/41 MP: 0/8
  1638 | D:2      | Learned a level 3 spell: Regeneration
  1759 | D:2      | Noticed Natasha
  1765 | D:2      | Killed Natasha
  1903 | D:3      | Noticed Jessica
  1918 | D:3      | Killed Jessica
  1936 | D:3      | Noticed Grinder
  1981 | D:3      | Paralysed by Grinder for 6 turns
  1985 | D:3      | Killed from afar by Grinder

Skill      XL: |  1  2  3  4  5 |
---------------+----------------+-----
Axes           | 2 3 |  3.0
Charms         | 3 |  3.7
Spellcasting   | 2 3 |  3.0
Hexes          | 1 |  1.1
Fighting       | |  2.0
Armour         | |  0.6
Dodging        | |  1.3

Action                   |  1- 3 |  4- 6 || total
-------------------------+-------+-------++-------
Melee: Hand axe          |    70 |    82 ||   152
       Kick              |     9 |    10 ||    19
Throw: Javelin           |     1 |       ||     1
 Cast: Spectral Weapon   |     1 |     2 ||     3
       Infusion          |       |     4 ||     4
  Eat: Chunk             |       |     3 ||     3
Armor: Leather armour    |    59 |    39 ||    98
Dodge: Dodged            |    64 |    57 ||   121
